AoeStats
← 平民老百姓

Arena

504413529Analyzed
4v4 RM · 27d ago on Sep 5, 2026· 52m 0s· 8 players
Game mode
Random Map
Map size
Large (8 player)
Population
200
Speed
Normal
Resources
Standard
Victory
Conquest
Starting age
Dark Age
Ending age
Imperial Age
RankedLock teamsTeams togetherTeam positionsShared explorationLock speedFull tech treeHidden civsTurbo modeCheats
Victory
Defeat
🇲🇽 Bengalis · Mexico
1352
+11
🇲🇽 Inca · Mexico
1251
+15
🇲🇽 Cumans · Mexico
1100
+22
🇲🇽 Goths · Mexico
1076
+23
🇨🇳 Poles · China
1259
-19
🇦🇺 Cumans · Australia
1239
-18
🇨🇳 Huns · China
1220
-17
🇹🇼 Spanish · Taiwan
1217
-17
平民老百姓
11:02 Feudal Age
15:30 Castle Age
14:00 Stone Mining
14:16 Double-Bit Axe
16:10 Loom
17:14 Fletching
17:57 Gold Mining
22:38 Horse Collar
34:28 Bow Saw
36:16 Heavy Plow
41:12 Wheelbarrow
46:09 Man-at-Arms
46:35 Gambesons
2265138721
11:01 Feudal Age
14:48 Castle Age
12:37 Double-Bit Axe
12:34 Horse Collar
15:54 Bow Saw
16:33 Bloodlines
16:49 Loom
16:34 Light Cavalry
17:46 Scale Barding Armor
29:39 Heavy Plow
34:45 Wheelbarrow
40:13 Imperial Age
38:27 Hand Cart
40:17 Husbandry
40:50 Winged Hussar
42:36 Chain Barding Armor
42:26 Forging
43:00 Crop Rotation
44:16 Lechitic Legacy
50:56 Iron Casting
mipolin
10:22 Feudal Age
12:17 Double-Bit Axe
12:14 Horse Collar
14:35 Castle Age
19:31 Bow Saw
20:41 Heavy Plow
21:52 Gold Mining
22:29 Bloodlines
22:48 Scale Barding Armor
24:19 Forging
28:32 Chain Barding Armor
28:48 Iron Casting
31:38 Husbandry
34:21 Imperial Age
32:38 Wheelbarrow
34:51 Padded Archer Armor
34:41 Fletching
35:03 Thumb Ring
35:47 Parthian Tactics
37:25 Ballistics
38:06 Chemistry
37:46 Leather Archer Armor
37:27 Bodkin Arrow
37:32 Heavy Cavalry Archer
38:08 Capped Ram
39:38 Bracer
39:09 Siege Ram
40:41 Hand Cart
43:49 Marauders
44:42 Conscription
44:46 Atheism
44:27 Marauders
44:43 Masonry
44:29 Murder Holes
44:44 Clinker Construction
44:44 Careening
titswater
10:03 Feudal Age
10:43 Horse Collar
10:50 Double-Bit Axe
15:51 Wheelbarrow
19:59 Castle Age
20:47 Forging
20:43 Scale Barding Armor
20:32 Capped Ram
22:12 Bloodlines
23:44 Chain Barding Armor
26:38 Iron Casting
27:11 Light Cavalry
28:08 Heavy Plow
34:06 Hand Cart
33:36 Loom
33:44 Gold Mining
33:44 Stone Mining
39:09 Imperial Age
38:01 Scale Mail Armor
37:30 Man-at-Arms
38:12 Squires
37:58 Arson
38:57 Chain Mail Armor
38:35 Long Swordsman
39:13 Siege Ram
41:17 Blast Furnace
40:48 Plate Mail Armor
39:57 Elite Steppe Lancer
41:17 Plate Barding Armor
40:34 Two-Handed Swordsman
43:10 Champion
44:24 Fletching
45:39 Bodkin Arrow
46:43 Gold Shaft Mining
46:52 Town Watch
DLM15
10:55 Feudal Age
9:25 Loom
14:31 Castle Age
13:16 Double-Bit Axe
17:40 Fletching
18:42 Bodkin Arrow
19:10 Horse Collar
23:13 Redemption
25:22 Padded Archer Armor
28:49 Town Watch
32:27 Imperial Age
30:23 Heavy Plow
30:50 Forging
31:17 Sanctity
34:06 Scale Mail Armor
34:42 Iron Casting
34:10 Bracer
35:03 Wheelbarrow
35:49 Scale Mail Armor
35:29 Pikeman
37:12 Halberdier
38:36 Gold Mining
38:37 Stone Mining
39:48 Block Printing
41:36 Hand Cart
41:42 Bow Saw
42:09 Leather Archer Armor
42:56 Elite Elephant Archer
44:06 Ballistics
44:59 Ring Archer Armor
46:47 Chemistry
45:34 Siege Elephant
49:00 Paiks
49:16 Conscription
49:46 Gold Shaft Mining
49:57 Bloodlines
49:47 Husbandry
51:02 Mahayana
51:12 Scale Barding Armor
51:22 Chain Mail Armor
51:42 Iron Casting
51:16 Siege Engineers
51:22 Masonry
51:54 Town Patrol
51:57 Squires
51:43 Gambesons
51:19 Light Cavalry
NF I Odysseo
12:32 Feudal Age
10:51 Loom
16:39 Castle Age
14:38 Double-Bit Axe
15:33 Horse Collar
19:44 Bow Saw
24:59 Heavy Plow
26:33 Wheelbarrow
27:09 Scale Mail Armor
27:23 Forging
28:39 Hand Cart
28:34 Squires
28:03 Man-at-Arms
29:08 Chain Mail Armor
29:31 Iron Casting
29:43 Pikeman
33:31 Imperial Age
31:26 Anarchy
33:35 Halberdier
34:51 Conscription
36:49 Blast Furnace
35:51 Gold Mining
36:11 Perfusion
35:55 Elite Huskarl
41:46 Long Swordsman
42:07 Two-Handed Swordsman
42:38 Champion
46:13 Two-Man Saw
45:46 Crop Rotation
45:08 Stone Mining
47:30 Stone Shaft Mining
48:46 Masonry
49:43 Town Watch
51:56 Architecture
van van
8:05 Loom
10:49 Feudal Age
11:40 Double-Bit Axe
21:29 Horse Collar
25:03 Wheelbarrow
30:38 Castle Age
30:05 Forging
29:57 Scale Mail Armor
30:52 Capped Ram
31:56 Pikeman
32:37 Squires
33:15 Bow Saw
35:27 Heavy Plow
40:15 Chain Mail Armor
41:52 Hand Cart
42:08 Gold Mining
42:10 Stone Mining
44:14 Gold Shaft Mining
44:18 Iron Casting
43:49 Scale Barding Armor
44:58 Town Watch
47:59 Imperial Age
47:19 Ballistics
47:06 Steppe Husbandry
48:54 Bloodlines
48:05 Cavalier
50:20 Chemistry
51:23 Two-Man Saw
50:55 Cuman Mercenaries
51:45 Paladin
FERGA LARGA
11:06 Feudal Age
11:39 Double-Bit Axe
11:38 Horse Collar
12:19 Champi Runner
13:27 Scale Mail Armor
15:59 Forging
23:59 Castle Age
23:02 Loom
24:04 Champi Warrior
25:05 Bow Saw
24:36 Pikeman
26:58 Squires
29:04 Heavy Plow
35:22 Imperial Age
35:12 Chain Mail Armor
36:41 Plate Mail Armor
37:21 Elite Champi Warrior
41:57 Gold Mining
41:59 Stone Mining
44:24 Crop Rotation
44:39 Fabric Shields
45:01 Conscription
45:46 Wheelbarrow
50:58 Iron Casting
Connection lost

Rejoining the realm…

Still unreachable

The connection could not be restored.

Session expired

The server has moved on; the page needs a fresh start.